 Dungeon Crawl Stone Soup version 0.25.1-3-ge44b62a0b3 (webtiles) character file.

Game seed: 9045268602394586646

86 Delamore the Shield-Bearer (level 4, -4/29 HPs)
             Began as a Gargoyle Fighter on Nov 6, 2020.
             Slain by a worm (6 damage)
             ... on level 2 of the Dungeon on Nov 24, 2020.
             The game lasted 00:01:40 (1650 turns).

Delamore the Shield-Bearer (Gargoyle Fighter)       Turns: 1650, Time: 00:01:41

Health: -4/29      AC: 10    Str: 20    XL:     4   Next: 50%
Magic:  4/4        EV:  7    Int:  9    God:
Gold:   34         SH:  9    Dex:  9    Spells: 3/3 levels left

rFire    . . .     SeeInvis .   a - +0 flail
rCold    . . .     Gourm    .   c - +0 kite shield
rNeg     + . .     Faith    .   b - +0 scale mail
rPois    ∞         Spirit   .   (no helmet)
rElec    +         Reflect  .   (no cloak)
rCorr    .         Harm     .   (no gloves)
MR       .....                  (no boots)
Stlth    ..........             (no amulet)
HPRegen  0.09/turn              (no ring)
MPRegen  0.09/turn              (no ring)

@: no status effects
A: negative energy resistance 1, electricity resistance, unbreathing,
petrification resistance, rot immunity, AC +3
a: no special abilities


You were on level 2 of the Dungeon.
You were not hungry.

You visited 1 branch of the dungeon, and saw 2 of its levels.

You collected 34 gold pieces.

Inventory:

Hand Weapons
 a - a +0 flail (weapon)
Armour
 b - a +0 scale mail (worn)
 c - a +0 kite shield (worn)
Wands
 i - a wand of paralysis (7)
Scrolls
 e - 3 scrolls of identify {unknown}
 h - a scroll of immolation {unknown}
 j - a scroll of amnesia {unknown}
 k - a scroll of remove curse {unknown}
Potions
 d - a potion of might
 l - 3 potions of lignification {unknown}
 m - 2 potions of brilliance {unknown}
Comestibles
 f - 4 rations
 g - 7 chunks of flesh


   Skills:
 + Level 4.2 Fighting
 + Level 3.1 Maces & Flails
 - Level 3.2 Armour
 + Level 4.2 Shields


You had 3 spell levels left.
You didn't know any spells.
Your spell library was empty.

Dungeon Overview and Level Annotations

Branches:
Dungeon (2/15)

Altars:
Cheibriados
Uskayaw
Zin

Shops:
D:2 *


Innate Abilities, Weirdness & Mutations

You are resistant to torment.
Your stone body is resilient. (AC +3)
You are immune to poison.
You resist negative energy. (rN+)
You are resistant to electric shocks. (rElec)
You can survive without breathing.
You are immune to petrification.
You are immune to rotting.


Message History

You kill the adder!
You hit the worm.
The worm is lightly wounded.
The worm bites you but does no damage.
You hit the worm.
The worm is lightly wounded.
You sock the worm!
The worm is severely wounded.
You block the worm's attack.
You hit the worm.
The worm is severely wounded.
You block the worm's attack.
You barely miss the worm.
The worm is severely wounded.
The worm bites you.
* * * LOW HITPOINT WARNING * * *
You barely miss the worm.
The worm is heavily wounded.
The worm bites you.
You die...

.#...########## ... ##
.#....).......# #.. ...
.#.##########.# #$# ##.##
.#.# #.# ##.# ..... .#.#
#.# #..#...... ##.# #)#
#..#...^.. ##.# #.#
#......_.. ...#
###.####..#...... ...#
#.....@w..#...... #..#####
#.....###.# ..... #..#...##
#.....#...####.##
#.......###.....#..........
#...÷....#......#..........
#.....∩.÷..##.###.########
...........##.# #.#
#........####.# #.#
##...#_#..###.###.#


You could see a worm.

Vanquished Creatures
  4 adders (D:2)
  A dart slug (D:1)
  3 leopard geckos
  3 giant cockroaches
  4 goblins
  7 hobgoblins
  4 jackals (D:2)
  A quokka (D:2)
  3 bats
  A frilled lizard (D:2)
  8 kobolds
  3 rats
42 creatures vanquished.

Notes
Turn   | Place    | Note
-------+----------+-------------------------------------------
     0 | D:1      | Delamore the Gargoyle Fighter began the quest for the Orb.
     0 | D:1      | Reached XP level 1. HP: 14/14 MP: 1/1
    67 | D:1      | Reached XP level 2. HP: 16/19 MP: 2/2
   800 | D:1      | Reached XP level 3. HP: 20/24 MP: 3/3
  1069 | D:2      | Found a hide-covered altar of Uskayaw.
  1283 | D:2      | Upgraded the game from 0.25.1-2-g60ff931df9 to
                  | 0.25.1-3-ge44b62a0b3
  1397 | D:2      | Found Zin's Purification Station.
  1399 | D:2      | Found a glowing silver altar of Zin.
  1408 | D:2      | Reached XP level 4. HP: 29/29 MP: 4/4
  1606 | D:2      | Found a snail-covered altar of Cheibriados.
  1650 | D:2      | Slain by a worm

Illustrated notes

Levels and vault maps discovered:
D:1:      minmay_arrival_cross, layout_basic
D:2:      layout_loops_ring, zin_purify, lemuel_coloured_pillars_altar,
          old_standard_altar

Skill      XL: |  1  2  3  4 |
---------------+-------------+-----
Shields        | 4 |  4.2
Fighting       | 4 |  4.2
Maces & Flails | 3 |  3.1
Armour         | |  3.2

Action                   |  1- 3 |  4- 6 || total
-------------------------+-------+-------++-------
Melee: Flail             |   127 |    55 ||   182
  Eat: Chunk             |     2 |     1 ||     3
Armor: Scale mail        |    67 |    34 ||   101
Dodge: Dodged            |    41 |    26 ||    67
Block: Kite shield       |    81 |    37 ||   118
